 Dungeon Sprint DCSS version 0.30.1 (webtiles) character file.

Game seed: 2360926759550075352

900000 BreadTh the Ducker (level 1, -4/17 HPs)
             Began as a Ghoul Gladiator on July 11, 2023.
             Was an Initiate of Makhleb.
             Slain by a meat berserker
             ... wielding a +9 battleaxe
              (21 damage)
             ... in the Dungeon (Sprint VIII: "Arena of Blood").
             The game lasted 00:00:33 (9 turns).

BreadTh the Ducker (Ghoul Gladiator)                   Turns: 9, Time: 00:00:36

Health: -4/17      AC:  4    Str: 17    XL:     1   Next: 0%
Magic:  0/0        EV: 12    Int:  3    God:    Makhleb [......]
Gold:   0          SH:  0    Dex: 10    Spells: 0/0 levels left

rFire   . . .        k - +∞ Axe of Woe
rCold   + . .        (shield currently unavailable)
rNeg    + + +        b - +0 leather armour
rPois   ∞            c - +0 helmet
rElec   .            (no cloak)
rCorr   .            (no gloves)
SInv    .            (no boots)
Will    .....        (no amulet)
Stlth   +            (no ring)
HPRegen 0.00/turn    (no ring)
MPRegen 0.07/turn

%: no teleportation
@: inhibited regen
A: claws 1, cold resistance 1, negative energy resistance 3, inhibited
regeneration, torment resistance 2, devour on kill
a: Renounce Religion


You were in the Dungeon.
You worshipped Makhleb.
Makhleb was noncommittal.
You visited 1 branch

Inventory:

Hand Weapons
 a - a +0 war axe
 k - the +∞ Axe of Woe (weapon)
   (You found it in the Dungeon)
Missiles
 d - 3 throwing nets (quivered)
 e - a javelin
Armour
 b - a +0 leather armour (worn)
 c - a +0 helmet (worn)
Scrolls
 j - a scroll of blinking
Potions
 f - a potion of curing
 g - a potion of heal wounds
 h - a potion of haste
 i - 2 potions of magic


   Skills:
 * Level 2.1 Fighting
 * Level 2.6 Axes
 - Level 1.7 Throwing
 - Level 2.6 Dodging


You couldn't memorise any spells.
You didn't know any spells.
Your spell library was empty.

Dungeon Overview and Level Annotations

Branches:
Dungeon (1/1)

Altars:
Makhleb


Innate Abilities, Weirdness & Mutations

You are immune to poison.
You have sharp fingernails.
Your flesh is cold resistant. (rC+)
You are immune to negative energy. (rN+++)
You do not regenerate when monsters are visible.
You are immune to unholy pain and torment.
You thrive by killing the living.


Message History

Press ? for a list of commands and other information.
Found the +∞ Axe of Woe.
Found four burning altars of Makhleb.
Found a staircase leading out of the dungeon.
k - the +∞ Axe of Woe
k - the +∞ Axe of Woe (weapon)
You hear a shout! x5
A bag of meat comes into view. It is wielding a +9 war axe.
You hear a shout! x3
You hear a shout! x5
There is a burning altar of Makhleb here.
You kneel at the altar of Makhleb.
Makhleb welcomes you!
You hear a shout! x7
Okay, then.
A meat berserker comes into view. It is wielding a +9 battleaxe.
The meat berserker appears out of thin air!
A meat berserker comes into view. It is wielding a +9 battleaxe.
The bag of meat shouts!
The meat berserker shouts! x2; You hear a shout! x8 2 bags of meat and a meat berserker come into view.
The bag of meat shouts!
The meat berserker shouts!
You hear a shout! x3
A bag of meat comes into view. It is wielding a +9 war axe.
You hear a shout! x5
A bag of meat comes into view. It is wielding a +9 war axe.
The bag of meat shouts!
You hear two shouts!
A meat berserker comes into view. It is wielding a +9 battleaxe.
The meat berserker rages.
You hear a shout! x2
The meat berserker rages.
The meat berserker moves out of view.
You hear a shout!
You hear a shout! x8
A bag of meat comes into view. It is wielding a +9 war axe.
You hear a shout!
You hit the meat berserker.
You fatally mangle the meat berserker.
You kill the meat berserker!
Makhleb accepts your kill.
You hear a shout! x8
The meat berserker hits you with a +9 battleaxe!!
Ouch! That really hurt!
You die...

#... .# #... #...
..# ....###...
..###.
...o.....###......
.#........_......
.......#.....#
.......#_.<._#
.......#.....#...
#...oO.O@_O.....
.........###...o..
....###....o..###.
... #.......# .
#.......#
..........
...........
.........o.
...........#


You could see 3 meat berserkers and 2 bags of meat.

Vanquished Creatures
  An ogre (D)
1 creature vanquished.

Notes
Turn   | Place    | Note
-------+----------+-------------------------------------------
     0 | D        | Found the +∞ Axe of Woe
     0 | D        | BreadTh the Ghoul Gladiator began the quest for the Orb.
     0 | D        | Reached XP level 1. HP: 17/17 MP: 0/0
     2 | D        | Noticed a bag of meat
     4 | D        | Became a worshipper of Makhleb the Destroyer
     5 | D        | Noticed a meat berserker
     5 | D        | Noticed a meat berserker
     6 | D        | Noticed a bag of meat
     6 | D        | Noticed a bag of meat
     6 | D        | Noticed a meat berserker
     6 | D        | Noticed a bag of meat
     7 | D        | Noticed a bag of meat
     7 | D        | Noticed a meat berserker
     8 | D        | Noticed a bag of meat
     9 | D        | Killed a meat berserker
     9 | D        | Slain by a meat berserker

Illustrated notes

Levels and vault maps discovered:
D:        meatsprint

Action                     || total
---------------------------++-------
  Melee: Executioner's axe ||     1
